Dynamic Boxscore Link
Denver
Bandits
15-11
3
FINAL
5
Rochester
North Stars
13-10
Summary
Boxscore
Lineups
Recap

1st Period

1-0 NORScore
15:12Time
5v5Type
2-0 NORScore
15:38Time
PPType
3-0 NORScore
17:36Time
5v5Type

2nd Period

3-1 NORScore
11:01Time
5v5Type
4-1 NORScore
15:36Time
5v5Type

3rd Period

4-2 NORScore
2:07Time
5v5Type
4-3 NORScore
6:16Time
5v5Type
5-3 NORScore
19:22Time
Empty NetType

Penalties

1st Period
Cade Calkins (BAN) for Tripping (Minor) at 15:17
2nd Period
Pyotr Zarubayev (BAN) for High sticking (Minor) at 0:19
Pyotr Zarubayev (BAN) for High sticking (Minor) at 12:28
3rd Period
Evin Lapointe (BAN) for Tripping (Minor) at 4:04
BAN
NOR

Denver Bandits

# Player Pos G A PTS +/- S PIM TOI SB Hits GA TA
21 Cade Calkins C 0 2 2 1 2 2 14:43 0 0 0 0
19 Lloyd Mceachern LW 2 0 2 0 9 0 15:14 0 0 1 0
42 Fernando Zanette D 0 1 1 -2 1 0 22:13 3 2 0 1
35 Pete Eckersley C 1 0 1 1 3 0 11:14 0 0 0 0
77 Denis Kochetkov D 0 1 1 2 2 0 17:31 0 4 0 1
82 Vallu Vaatainen RW 0 0 0 0 3 0 14:08 0 1 0 0
98 Pyotr Zarubayev C 0 0 0 0 1 4 15:08 0 1 0 0
24 Lukasz Pomfret D 0 0 0 -2 2 0 21:22 4 2 0 1
14 Nino Hebar C 0 0 0 -3 1 0 19:49 1 1 2 1
74 Dominick Maclellan RW 0 0 0 -2 2 0 19:08 0 0 1 0
13 Grels Hohka C 0 0 0 0 2 0 14:13 1 0 0 0
55 Charlie Esau D 0 0 0 -1 2 0 21:07 1 0 1 0
8 Vladilen Kanareikin RW 0 0 0 0 2 0 15:14 0 1 0 0
50 Ali Kurakov LW 0 0 0 0 1 0 09:26 0 0 0 0
64 Timothy Pham LW 0 0 0 1 0 0 08:17 0 2 0 0
84 Abram Nalyvaichuk D 0 0 0 0 1 0 19:46 1 2 0 0
1 Evin Lapointe LW 0 0 0 -2 0 2 17:34 0 2 0 1
25 Gerhard Ryffel D 0 0 0 2 0 0 17:31 1 1 0 0
# Goalie GA SA SV SV% TOI
33 Harri-Juhani Sutelainen 1 23 22 0.957 41:39
40 Wiktor Ehn 3 14 11 0.786 17:36
BAN
NOR

Bandits

Bandits

5 vs 5 Forward
Line #Left WingCenterRight WingPHYDFOFWanted %Time %Time Play
1Evin LapointeNino HebarDominick Maclellan1223030%15:58
2Lloyd MceachernCade CalkinsVladilen Kanareikin1223028%14:49
3Grels HohkaPyotr ZarubayevVallu Vaatainen0232727%14:08
4Timothy PhamPete EckersleyAli Kurakov1221316%8:17
5 vs 5 Defense
Line #DefenseDefensePHYDFOFWanted %Time %Time Play
1Charlie EsauAbram Nalyvaichuk0323433%17:25
2Fernando ZanetteLukasz Pomfret0323332%17:17
3Gerhard RyffelDenis Kochetkov2213333%17:31
4Charlie EsauFernando Zanette13102%0:59
Power Play Forward
Line #Left WingCenterRight WingPHYDFOFWanted %Time %Time Play
1Lloyd MceachernNino HebarVladilen Kanareikin104550%0:00
2Ali KurakovPete EckersleyVallu Vaatainen104450%0:00
Power Play Defense
Line #DefenseDefensePHYDFOFWanted %Time %Time Play
1Charlie EsauCade Calkins023550%0:00
2Lukasz PomfretDominick Maclellan023450%0:00
Penalty Kill 4 Players Forward
Line #CenterWingPHYDFOFWanted %Time %Time Play
1Pete EckersleyPyotr Zarubayev0415051%3:13
2Nino HebarDominick Maclellan0415049%3:05
Penalty Kill 4 Players Defense
Line #DefenseDefensePHYDFOFWanted %Time %Time Play
1Charlie EsauFernando Zanette1405050%3:09
2Lukasz PomfretAbram Nalyvaichuk1405050%3:09
Penalty Kill 3 Players
Line #WingPHYDFOFWanted %Time %Time PlayDefenseDefensePHYDFOFWanted %Time %Time Play
1Evin Lapointe050500%0:00 Charlie EsauFernando Zanette140500%0:00
2Pete Eckersley050500%0:00 Lukasz PomfretAbram Nalyvaichuk140500%0:00
4 vs 4 Forward
Line #CenterWingPHYDFOFWanted %Time %Time Play
1Nino HebarLloyd Mceachern023500%0:00
2Cade CalkinsEvin Lapointe023500%0:00
4 vs 4 Defense
Line #DefensePHYDFOFWanted %Time %Time Play
1Charlie EsauFernando Zanette122500%0:00
2Lukasz PomfretAbram Nalyvaichuk122500%0:00
Last Minutes Offensive
Left WingCenterRight WingDefenseDefense
Lloyd MceachernNino HebarVladilen KanareikinCharlie EsauAli Kurakov
Last Minutes Defensive
Left WingCenterRight WingDefenseDefense
Timothy PhamEvin LapointeDominick MaclellanCharlie EsauFernando Zanette
Time
Total ForwardTotal DefenseLast Minutes OffensiveLast Minutes Defensive
60:00 60:00 0:300:00
Extra Forwards
Normal PowerPlayPenalty Kill
Lloyd Mceachern, Nino Hebar, Cade CalkinsEvin Lapointe, Pyotr ZarubayevEvin Lapointe
Extra Defensemen
Normal PowerPlayPenalty Kill
Charlie Esau, Lukasz Pomfret, Abram NalyvaichukAbram Nalyvaichuk, Gerhard RyffelDenis Kochetkov
Penalty Shots
Vladilen Kanareikin, Ali Kurakov, Grels Hohka, Cade Calkins, Denis Kochetkov
Goalie
Wiktor Ehn, Harri-Juhani Sutelainen
Custom OT Lines Forwards
Nino Hebar, Lloyd Mceachern, Cade Calkins, Vladilen Kanareikin, Pete Eckersley, Evin Lapointe, Ali Kurakov, Vallu Vaatainen, Pyotr Zarubayev, Grels Hohka
Custom OT Lines Defensemen
Charlie Esau, Lukasz Pomfret, Gerhard Ryffel, Abram Nalyvaichuk, Denis Kochetkov
Scratches
None
1st Period

0:01 of 1st period - Orlando Wey wins face-off versus Nino Hebar in neutral zone.
0:54 of 1st period - Wrist shot by Juha-Pekka Kaukola.
0:54 of 1st period - Shot Blocked by Abram Nalyvaichuk.
0:56 of 1st period - Snap shot by Vasily Sidorenko.
0:56 of 1st period - Stopped by Wiktor Ehn without a rebound.
0:57 of 1st period - K.C. Levers wins face-off versus Pete Eckersley in Bandits zone.
1:08 of 1st period - Wrist shot by Fynn Messner.
1:08 of 1st period - Shot Misses the Net.
1:24 of 1st period - Ritchie Kruger is hit by Fernando Zanette.
1:36 of 1st period - Slapshot by Grels Hohka.
1:36 of 1st period - Stopped by Pitt Kidwell without a rebound.
1:37 of 1st period - Cade Calkins wins face-off versus Orlando Wey in North Stars zone.
1:47 of 1st period - Icing by Orlando Wey.
1:48 of 1st period - Nino Hebar wins face-off versus Orlando Wey in North Stars zone.
2:31 of 1st period - Evin Lapointe is hit by Derrell Hults and loses puck.
3:11 of 1st period - Snap shot by Orlando Wey.
3:11 of 1st period - Shot Misses the Net.
3:13 of 1st period - Wrist shot by Derrell Hults.
3:13 of 1st period - Shot Misses the Net.
3:15 of 1st period - Snap shot by Derrell Hults.
3:15 of 1st period - Shot Misses the Net.
3:17 of 1st period - Wrist shot by Orlando Wey.
3:17 of 1st period - Stopped by Wiktor Ehn without a rebound.
3:18 of 1st period - Cade Calkins wins face-off versus Laurent Godbout in Bandits zone.
3:23 of 1st period - Wrist shot by Cade Calkins.
3:23 of 1st period - Shot Blocked by Bennet Gallahur.
3:25 of 1st period - Wrist shot by Cade Calkins.
3:25 of 1st period - Shot Blocked by Bennet Gallahur.
3:27 of 1st period - Slapshot by Lukasz Pomfret.
3:27 of 1st period - Shot Misses the Net.
3:29 of 1st period - Slapshot by Fernando Zanette.
3:29 of 1st period - Deflect By Bennet Gallahur.
3:29 of 1st period - Stopped by Pitt Kidwell without a rebound.
3:30 of 1st period - Laurent Godbout wins face-off versus Pyotr Zarubayev in North Stars zone.
3:37 of 1st period - Snap shot by Laurent Godbout.
3:37 of 1st period - Shot Blocked by Lukasz Pomfret.
3:57 of 1st period - Vilho Metsala is hit by Timothy Pham and loses puck.
4:08 of 1st period - Snap shot by Ali Kurakov.
4:08 of 1st period - Stopped by Pitt Kidwell without a rebound.
4:09 of 1st period - Ritchie Kruger wins face-off versus Cade Calkins in North Stars zone.
4:15 of 1st period - Off-side.
4:16 of 1st period - Cade Calkins wins face-off versus Ritchie Kruger in neutral zone.
4:21 of 1st period - Slapshot by Vladilen Kanareikin.
4:21 of 1st period - Deflect By Cade Calkins.
4:21 of 1st period - Shot Misses the Net.
4:21 of 1st period - Puck is out of play.
4:22 of 1st period - Juha-Pekka Kaukola wins face-off versus Cade Calkins in North Stars zone.
4:31 of 1st period - Slapshot by Vasily Sidorenko.
4:31 of 1st period - Stopped by Wiktor Ehn without a rebound.
4:32 of 1st period - Ritchie Kruger wins face-off versus Cade Calkins in Bandits zone.
4:35 of 1st period - Snap shot by Ritchie Kruger.
4:35 of 1st period - Shot Misses the Net.
4:41 of 1st period - Snap shot by Lloyd Mceachern.
4:41 of 1st period - Shot Misses the Net.
4:43 of 1st period - Wrist shot by Vladilen Kanareikin.
4:43 of 1st period - Shot Blocked by Jeffery Pattyn.
4:45 of 1st period - Slapshot by Charlie Esau.
4:45 of 1st period - Stopped by Pitt Kidwell with a rebound.
4:47 of 1st period - Snap shot by Cade Calkins.
4:47 of 1st period - Deflect By Lloyd Mceachern.
4:47 of 1st period - Shot Misses the Net.
4:47 of 1st period - Puck is out of play.
4:48 of 1st period - Pyotr Zarubayev wins face-off versus Laurent Godbout in North Stars zone.
4:51 of 1st period - Slapshot by Lukasz Pomfret.
4:51 of 1st period - Shot Misses the Net.
5:05 of 1st period - Slapshot by Laurent Godbout.
5:05 of 1st period - Shot Misses the Net.
5:15 of 1st period - Slapshot by Fynn Messner.
5:15 of 1st period - Stopped by Wiktor Ehn with a rebound.
5:17 of 1st period - Slapshot by Fynn Messner.
5:17 of 1st period - Shot Blocked by Lukasz Pomfret.
5:19 of 1st period - Wrist shot by Bennet Gallahur.
5:19 of 1st period - Shot Misses the Net.
5:23 of 1st period - Wrist shot by Fynn Messner.
5:23 of 1st period - Stopped by Wiktor Ehn without a rebound.
5:24 of 1st period - Cade Calkins wins face-off versus Vasily Sidorenko in Bandits zone.
5:33 of 1st period - Snap shot by Lloyd Mceachern.
5:33 of 1st period - Shot Misses the Net.
6:43 of 1st period - Snap shot by Vallu Vaatainen.
6:43 of 1st period - Shot Misses the Net.
6:45 of 1st period - Slapshot by Denis Kochetkov.
6:45 of 1st period - Stopped by Pitt Kidwell with a rebound.
7:09 of 1st period - Denis Kochetkov is hit by Juha-Pekka Kaukola and loses puck.
7:41 of 1st period - Wrist shot by Nino Hebar.
7:41 of 1st period - Stopped by Pitt Kidwell with a rebound.
7:45 of 1st period - Snap shot by Evin Lapointe.
7:45 of 1st period - Shot Blocked by Derrell Hults.
7:47 of 1st period - Slapshot by Gerhard Ryffel.
7:47 of 1st period - Deflect By Nino Hebar.
7:47 of 1st period - Shot Blocked by Orlando Wey.
7:47 of 1st period - Puck is out of play.
7:48 of 1st period - Ritchie Kruger wins face-off versus Pyotr Zarubayev in North Stars zone.
7:57 of 1st period - Wrist shot by Vasily Sidorenko.
7:57 of 1st period - Shot Misses the Net.
8:19 of 1st period - Off-side.
8:20 of 1st period - Cade Calkins wins face-off versus Vilho Metsala in neutral zone.
8:38 of 1st period - Snap shot by Cade Calkins.
8:38 of 1st period - Stopped by Pitt Kidwell with a rebound.
9:16 of 1st period - Taras Kochkaryov is hit by Fernando Zanette and loses puck.
11:18 of 1st period - Wrist shot by Joseph Knaus.
11:18 of 1st period - Shot Misses the Net.
11:20 of 1st period - Slapshot by Leland Matyas.
11:20 of 1st period - Deflect By Joseph Knaus.
11:20 of 1st period - Shot Misses the Net.
11:20 of 1st period - Puck is out of play.
11:21 of 1st period - Nino Hebar wins face-off versus Orlando Wey in Bandits zone.
11:48 of 1st period - K.C. Levers is hit by Abram Nalyvaichuk and loses puck.
11:55 of 1st period - Slapshot by Lloyd Mceachern.
11:55 of 1st period - Shot Blocked by Fynn Messner.
11:57 of 1st period - Wrist shot by Lukasz Pomfret.
11:57 of 1st period - Stopped by Pitt Kidwell with a rebound.
12:09 of 1st period - Wrist shot by Grels Hohka.
12:09 of 1st period - Shot Misses the Net.
12:13 of 1st period - Slapshot by Vallu Vaatainen.
12:13 of 1st period - Stopped by Pitt Kidwell with a rebound.
12:15 of 1st period - Slapshot by Denis Kochetkov.
12:15 of 1st period - Shot Blocked by Juha-Pekka Kaukola.
12:17 of 1st period - Backhand shot by Gerhard Ryffel.
12:17 of 1st period - Shot Blocked by Ritchie Kruger.
13:01 of 1st period - Slapshot by Orlando Wey.
13:01 of 1st period - Stopped by Wiktor Ehn with a rebound.
13:09 of 1st period - Jamey Fequet is hit by Denis Kochetkov and loses puck.
13:40 of 1st period - Abram Nalyvaichuk is hit by Juha-Pekka Kaukola.
14:26 of 1st period - Slapshot by Vasily Sidorenko.
14:26 of 1st period - Stopped by Wiktor Ehn with a rebound.
14:36 of 1st period - Slapshot by Ritchie Kruger.
14:36 of 1st period - Stopped by Wiktor Ehn with a rebound.
14:38 of 1st period - Snap shot by Ville Brendstrup.
14:38 of 1st period - Shot Misses the Net.
14:40 of 1st period - Snap shot by Ritchie Kruger.
14:40 of 1st period - Shot Blocked by Lukasz Pomfret.
14:42 of 1st period - Slapshot by Taras Kochkaryov.
14:42 of 1st period - Shot Misses the Net.
14:44 of 1st period - Wrist shot by Juha-Pekka Kaukola.
14:44 of 1st period - Stopped by Wiktor Ehn with a rebound.
15:12 of 1st period - Snap shot by Ritchie Kruger.
15:12 of 1st period - Goal by Ritchie Kruger - Bandits : 0 - North Stars : 1.
15:13 of 1st period - Orlando Wey wins face-off versus Cade Calkins in neutral zone.
15:17 of 1st period - Minor Penalty to Cade Calkins for Tripping.
15:18 of 1st period - Orlando Wey wins face-off versus Pete Eckersley in Bandits zone.
15:24 of 1st period - Icing by Vasily Sidorenko.
15:25 of 1st period - Orlando Wey wins face-off versus Nino Hebar in North Stars zone.
15:36 of 1st period - Wrist shot by Orlando Wey.
15:36 of 1st period - Shot Misses the Net.
15:38 of 1st period - Slapshot by Orlando Wey.
15:38 of 1st period - Goal by Orlando Wey - Bandits : 0 - North Stars : 2.
15:39 of 1st period - Orlando Wey wins face-off versus Cade Calkins in neutral zone.
15:42 of 1st period - Wrist shot by Orlando Wey.
15:42 of 1st period - Shot Misses the Net.
15:50 of 1st period - Snap shot by Cade Calkins.
15:50 of 1st period - Shot Misses the Net.
15:52 of 1st period - Slapshot by Charlie Esau.
15:52 of 1st period - Shot Misses the Net.
15:54 of 1st period - Snap shot by Lloyd Mceachern.
15:54 of 1st period - Shot Misses the Net.
15:56 of 1st period - Slapshot by Abram Nalyvaichuk.
15:56 of 1st period - Stopped by Pitt Kidwell without a rebound.
15:57 of 1st period - Pyotr Zarubayev wins face-off versus Laurent Godbout in North Stars zone.
16:12 of 1st period - Snap shot by Vallu Vaatainen.
16:12 of 1st period - Shot Misses the Net.
16:14 of 1st period - Slapshot by Abram Nalyvaichuk.
16:14 of 1st period - Shot Misses the Net.
16:54 of 1st period - Wrist shot by Fynn Messner.
16:54 of 1st period - Stopped by Wiktor Ehn without a rebound.
16:55 of 1st period - K.C. Levers wins face-off versus Grels Hohka in Bandits zone.
17:04 of 1st period - Snap shot by Fynn Messner.
17:04 of 1st period - Stopped by Wiktor Ehn without a rebound.
17:05 of 1st period - Pyotr Zarubayev wins face-off versus Derrell Hults in Bandits zone.
17:20 of 1st period - Slapshot by Vallu Vaatainen.
17:20 of 1st period - Shot Blocked by Adolfo Bakewell.
17:22 of 1st period - Snap shot by Gerhard Ryffel.
17:22 of 1st period - Deflect By Vallu Vaatainen.
17:22 of 1st period - Shot Misses the Net.
17:22 of 1st period - Puck is out of play.
17:23 of 1st period - Nino Hebar wins face-off versus Laurent Godbout in North Stars zone.
17:34 of 1st period - Slapshot by Laurent Godbout.
17:34 of 1st period - Shot Misses the Net.
17:36 of 1st period - Slapshot by Bennet Gallahur.
17:36 of 1st period - Deflect By Joseph Knaus.
17:36 of 1st period - Goal by Joseph Knaus - Bandits : 0 - North Stars : 3.
17:36 of 1st period - Harri-Juhani Sutelainen enters game.
17:37 of 1st period - Laurent Godbout wins face-off versus Cade Calkins in neutral zone.
17:37 of 1st period - Joseph Knaus is hit by Vladilen Kanareikin and loses puck.
17:42 of 1st period - Wrist shot by Vladilen Kanareikin.
17:42 of 1st period - Stopped by Pitt Kidwell without a rebound.
17:43 of 1st period - Cade Calkins wins face-off versus Laurent Godbout in North Stars zone.
17:46 of 1st period - Wrist shot by Vladilen Kanareikin.
17:46 of 1st period - Shot Misses the Net.
17:48 of 1st period - Slapshot by Lukasz Pomfret.
17:48 of 1st period - Shot Misses the Net.
17:50 of 1st period - Snap shot by Cade Calkins.
17:50 of 1st period - Shot Misses the Net.
17:52 of 1st period - Wrist shot by Cade Calkins.
17:52 of 1st period - Shot Misses the Net.
18:10 of 1st period - Snap shot by Jamey Fequet.
18:10 of 1st period - Shot Blocked by Fernando Zanette.
Goals for this period are 0 for Bandits vs 3 for North Stars.
Shots for this period are 11 for Bandits vs 14 for North Stars.
2nd Period

0:01 of 2nd period - Pyotr Zarubayev wins face-off versus Orlando Wey in neutral zone.
0:19 of 2nd period - Minor Penalty to Pyotr Zarubayev for High sticking.
0:20 of 2nd period - Orlando Wey wins face-off versus Pete Eckersley in Bandits zone.
0:59 of 2nd period - Evin Lapointe is hit by Jamey Fequet and loses puck.
2:19 of 2nd period - Penalty to Pyotr Zarubayev is over, Pyotr Zarubayev is back on ice.
2:36 of 2nd period - Charlie Esau is hit by K.C. Levers and loses puck.
3:05 of 2nd period - Wrist shot by Vallu Vaatainen.
3:05 of 2nd period - Deflect By Pyotr Zarubayev.
3:05 of 2nd period - Shot Misses the Net.
3:05 of 2nd period - Puck is out of play.
3:06 of 2nd period - Orlando Wey wins face-off versus Pyotr Zarubayev in North Stars zone.
3:06 of 2nd period - Orlando Wey is hit by Denis Kochetkov.
3:30 of 2nd period - Wrist shot by Nino Hebar.
3:30 of 2nd period - Shot Misses the Net.
3:46 of 2nd period - Ville Brendstrup is hit by Denis Kochetkov and loses puck.
3:51 of 2nd period - Wrist shot by Pete Eckersley.
3:51 of 2nd period - Stopped by Pitt Kidwell with a rebound.
4:17 of 2nd period - Lukasz Pomfret is hit by Leland Matyas and loses puck.
4:58 of 2nd period - Wrist shot by Fynn Messner.
4:58 of 2nd period - Stopped by Harri-Juhani Sutelainen with a rebound.
5:00 of 2nd period - Snap shot by Bennet Gallahur.
5:00 of 2nd period - Stopped by Harri-Juhani Sutelainen with a rebound.
5:10 of 2nd period - Vilho Metsala is hit by Timothy Pham and loses puck.
6:29 of 2nd period - Denis Kochetkov is hit by Valery Adlerov and loses puck.
7:02 of 2nd period - Abram Nalyvaichuk is hit by Orlando Wey and loses puck.
7:39 of 2nd period - Taras Kochkaryov is hit by Evin Lapointe.
8:00 of 2nd period - Wrist shot by Fynn Messner.
8:00 of 2nd period - Deflect By Valery Adlerov.
8:00 of 2nd period - Shot Misses the Net.
8:00 of 2nd period - Puck is out of play.
8:01 of 2nd period - Orlando Wey wins face-off versus Cade Calkins in Bandits zone.
8:33 of 2nd period - Wrist shot by Grels Hohka.
8:33 of 2nd period - Stopped by Pitt Kidwell with a rebound.
8:35 of 2nd period - Snap shot by Grels Hohka.
8:35 of 2nd period - Shot Misses the Net.
8:37 of 2nd period - Slapshot by Denis Kochetkov.
8:37 of 2nd period - Stopped by Pitt Kidwell with a rebound.
8:39 of 2nd period - Snap shot by Grels Hohka.
8:39 of 2nd period - Shot Misses the Net.
8:49 of 2nd period - Slapshot by Taras Kochkaryov.
8:49 of 2nd period - Shot Misses the Net.
9:41 of 2nd period - Snap shot by Lloyd Mceachern.
9:41 of 2nd period - Stopped by Pitt Kidwell without a rebound.
9:42 of 2nd period - Laurent Godbout wins face-off versus Grels Hohka in North Stars zone.
9:42 of 2nd period - Laurent Godbout is hit by Vallu Vaatainen.
10:33 of 2nd period - Wrist shot by Valery Adlerov.
10:33 of 2nd period - Shot Blocked by Lukasz Pomfret.
10:49 of 2nd period - Snap shot by Lloyd Mceachern.
10:49 of 2nd period - Shot Misses the Net.
10:51 of 2nd period - Snap shot by Cade Calkins.
10:51 of 2nd period - Stopped by Pitt Kidwell with a rebound.
10:53 of 2nd period - Slapshot by Fernando Zanette.
10:53 of 2nd period - Deflect By Lloyd Mceachern.
10:53 of 2nd period - Stopped by Pitt Kidwell with a rebound.
10:59 of 2nd period - Slapshot by Cade Calkins.
10:59 of 2nd period - Shot Misses the Net.
11:01 of 2nd period - Snap shot by Lloyd Mceachern.
11:01 of 2nd period - Goal by Lloyd Mceachern - Bandits : 1 - North Stars : 3.
11:02 of 2nd period - Orlando Wey wins face-off versus Nino Hebar in neutral zone.
11:19 of 2nd period - Evin Lapointe is hit by Taras Kochkaryov and loses puck.
11:56 of 2nd period - Snap shot by Pete Eckersley.
11:56 of 2nd period - Stopped by Pitt Kidwell without a rebound.
11:57 of 2nd period - Nino Hebar wins face-off versus Ritchie Kruger in North Stars zone.
12:28 of 2nd period - Minor Penalty to Pyotr Zarubayev for High sticking.
12:29 of 2nd period - Orlando Wey wins face-off versus Nino Hebar in Bandits zone.
12:36 of 2nd period - Wrist shot by Orlando Wey.
12:36 of 2nd period - Deflect By Vilho Metsala.
12:36 of 2nd period - Shot Blocked by Charlie Esau.
12:36 of 2nd period - Puck is out of play.
12:37 of 2nd period - Orlando Wey wins face-off versus Nino Hebar in Bandits zone.
13:18 of 2nd period - Snap shot by Derrell Hults.
13:18 of 2nd period - Stopped by Harri-Juhani Sutelainen without a rebound.
13:19 of 2nd period - Laurent Godbout wins face-off versus Pete Eckersley in Bandits zone.
13:22 of 2nd period - Wrist shot by Joseph Knaus.
13:22 of 2nd period - Shot Misses the Net.
13:28 of 2nd period - Snap shot by Laurent Godbout.
13:28 of 2nd period - Stopped by Harri-Juhani Sutelainen with a rebound.
14:28 of 2nd period - Penalty to Pyotr Zarubayev is over, Pyotr Zarubayev is back on ice.
15:12 of 2nd period - Snap shot by Fynn Messner.
15:12 of 2nd period - Stopped by Harri-Juhani Sutelainen with a rebound.
15:32 of 2nd period - Snap shot by Fynn Messner.
15:32 of 2nd period - Shot Misses the Net.
15:34 of 2nd period - Snap shot by Fynn Messner.
15:34 of 2nd period - Stopped by Harri-Juhani Sutelainen without a rebound.
15:35 of 2nd period - Orlando Wey wins face-off versus Cade Calkins in Bandits zone.
15:36 of 2nd period - Wrist shot by Derrell Hults.
15:36 of 2nd period - Goal by Derrell Hults - Bandits : 1 - North Stars : 4.
15:37 of 2nd period - Nino Hebar wins face-off versus Orlando Wey in neutral zone.
16:01 of 2nd period - Icing by Lukasz Pomfret.
16:02 of 2nd period - Nino Hebar wins face-off versus Laurent Godbout in Bandits zone.
16:31 of 2nd period - Snap shot by Grels Hohka.
16:31 of 2nd period - Deflect By Vallu Vaatainen.
16:31 of 2nd period - Stopped by Pitt Kidwell with a rebound.
16:33 of 2nd period - Snap shot by Vallu Vaatainen.
16:33 of 2nd period - Shot Blocked by Adolfo Bakewell.
16:35 of 2nd period - Snap shot by Vallu Vaatainen.
16:35 of 2nd period - Shot Blocked by Jeffery Pattyn.
16:37 of 2nd period - Snap shot by Vallu Vaatainen.
16:37 of 2nd period - Shot Misses the Net.
17:37 of 2nd period - Snap shot by Lloyd Mceachern.
17:37 of 2nd period - Stopped by Pitt Kidwell without a rebound.
17:38 of 2nd period - Orlando Wey wins face-off versus Pyotr Zarubayev in North Stars zone.
19:17 of 2nd period - Wrist shot by Vallu Vaatainen.
19:17 of 2nd period - Shot Misses the Net.
Goals for this period are 1 for Bandits vs 1 for North Stars.
Shots for this period are 10 for Bandits vs 7 for North Stars.
3rd Period

0:01 of 3rd period - Cade Calkins wins face-off versus Orlando Wey in neutral zone.
0:47 of 3rd period - Slapshot by Grels Hohka.
0:47 of 3rd period - Shot Misses the Net.
1:08 of 3rd period - Off-side.
1:09 of 3rd period - Orlando Wey wins face-off versus Pete Eckersley in neutral zone.
1:14 of 3rd period - Slapshot by Ali Kurakov.
1:14 of 3rd period - Shot Misses the Net.
2:07 of 3rd period - Wrist shot by Pete Eckersley.
2:07 of 3rd period - Goal by Pete Eckersley - Bandits : 2 - North Stars : 4.
2:08 of 3rd period - Laurent Godbout wins face-off versus Cade Calkins in neutral zone.
2:15 of 3rd period - Cade Calkins is hit by Joseph Knaus and loses puck.
2:56 of 3rd period - Off-side.
2:57 of 3rd period - K.C. Levers wins face-off versus Pyotr Zarubayev in neutral zone.
2:57 of 3rd period - Fynn Messner is hit by Pyotr Zarubayev and loses puck.
3:02 of 3rd period - Wrist shot by Vallu Vaatainen.
3:02 of 3rd period - Shot Blocked by Leland Matyas.
3:04 of 3rd period - Slapshot by Charlie Esau.
3:04 of 3rd period - Stopped by Pitt Kidwell with a rebound.
3:10 of 3rd period - Slapshot by Vallu Vaatainen.
3:10 of 3rd period - Stopped by Pitt Kidwell with a rebound.
3:12 of 3rd period - Slapshot by Vallu Vaatainen.
3:12 of 3rd period - Shot Blocked by Leland Matyas.
3:28 of 3rd period - Slapshot by Vladilen Kanareikin.
3:28 of 3rd period - Deflect By Lloyd Mceachern.
3:28 of 3rd period - Stopped by Pitt Kidwell with a rebound.
3:30 of 3rd period - Wrist shot by Cade Calkins.
3:30 of 3rd period - Shot Blocked by Laurent Godbout.
3:32 of 3rd period - Snap shot by Lloyd Mceachern.
3:32 of 3rd period - Shot Blocked by Joseph Knaus.
3:34 of 3rd period - Snap shot by Vladilen Kanareikin.
3:34 of 3rd period - Stopped by Pitt Kidwell with a rebound.
4:04 of 3rd period - Minor Penalty to Evin Lapointe for Tripping.
4:05 of 3rd period - Pete Eckersley wins face-off versus Orlando Wey in Bandits zone.
4:14 of 3rd period - Nino Hebar is hit by Vilho Metsala.
6:04 of 3rd period - Penalty to Evin Lapointe is over, Evin Lapointe is back on ice.
6:16 of 3rd period - Wrist shot by Lloyd Mceachern.
6:16 of 3rd period - Goal by Lloyd Mceachern - Bandits : 3 - North Stars : 4.
6:17 of 3rd period - Ritchie Kruger wins face-off versus Pyotr Zarubayev in neutral zone.
6:30 of 3rd period - Jeffery Pattyn is hit by Lukasz Pomfret.
6:40 of 3rd period - Wrist shot by Derrell Hults.
6:40 of 3rd period - Stopped by Harri-Juhani Sutelainen with a rebound.
7:04 of 3rd period - Denis Kochetkov is hit by Ville Brendstrup and loses puck.
7:11 of 3rd period - Taras Kochkaryov is hit by Nino Hebar and loses puck.
7:32 of 3rd period - Taras Kochkaryov is hit by Abram Nalyvaichuk and loses puck.
7:48 of 3rd period - Off-side.
7:49 of 3rd period - Laurent Godbout wins face-off versus Pyotr Zarubayev in neutral zone.
7:52 of 3rd period - Slapshot by Leland Matyas.
7:52 of 3rd period - Stopped by Harri-Juhani Sutelainen with a rebound.
7:58 of 3rd period - Wrist shot by Pyotr Zarubayev.
7:58 of 3rd period - Stopped by Pitt Kidwell without a rebound.
7:59 of 3rd period - Cade Calkins wins face-off versus Orlando Wey in North Stars zone.
8:28 of 3rd period - Wrist shot by Joseph Knaus.
8:28 of 3rd period - Deflect By Evin Lapointe.
8:28 of 3rd period - Stopped by Harri-Juhani Sutelainen with a rebound.
9:08 of 3rd period - Dominick Maclellan is hit by Ville Brendstrup and loses puck.
9:41 of 3rd period - Cade Calkins is hit by Orlando Wey and loses puck.
9:47 of 3rd period - Icing by Abram Nalyvaichuk.
9:48 of 3rd period - Orlando Wey wins face-off versus Cade Calkins in Bandits zone.
10:01 of 3rd period - Slapshot by Charlie Esau.
10:01 of 3rd period - Shot Misses the Net.
10:03 of 3rd period - Slapshot by Charlie Esau.
10:03 of 3rd period - Shot Blocked by Adolfo Bakewell.
10:05 of 3rd period - Snap shot by Vladilen Kanareikin.
10:05 of 3rd period - Shot Misses the Net.
10:07 of 3rd period - Snap shot by Cade Calkins.
10:07 of 3rd period - Shot Blocked by Jeffery Pattyn.
10:09 of 3rd period - Slapshot by Abram Nalyvaichuk.
10:09 of 3rd period - Shot Blocked by Jamey Fequet.
10:23 of 3rd period - Snap shot by Lloyd Mceachern.
10:23 of 3rd period - Stopped by Pitt Kidwell with a rebound.
10:25 of 3rd period - Snap shot by Charlie Esau.
10:25 of 3rd period - Deflect By Lloyd Mceachern.
10:25 of 3rd period - Shot Blocked by Adolfo Bakewell.
10:25 of 3rd period - Puck is out of play.
10:26 of 3rd period - Laurent Godbout wins face-off versus Pyotr Zarubayev in North Stars zone.
10:41 of 3rd period - Bennet Gallahur is hit by Gerhard Ryffel and loses puck.
10:52 of 3rd period - Leland Matyas is hit by Denis Kochetkov and loses puck.
10:59 of 3rd period - Snap shot by Evin Lapointe.
10:59 of 3rd period - Deflect By Dominick Maclellan.
10:59 of 3rd period - Shot Blocked by Vasily Sidorenko.
10:59 of 3rd period - Puck is out of play.
11:00 of 3rd period - Orlando Wey wins face-off versus Cade Calkins in North Stars zone.
11:02 of 3rd period - Icing by Derrell Hults.
11:03 of 3rd period - Cade Calkins wins face-off versus Orlando Wey in North Stars zone.
11:14 of 3rd period - Snap shot by Lloyd Mceachern.
11:14 of 3rd period - Stopped by Pitt Kidwell with a rebound.
11:16 of 3rd period - Slapshot by Lukasz Pomfret.
11:16 of 3rd period - Deflect By Lloyd Mceachern.
11:16 of 3rd period - Stopped by Pitt Kidwell without a rebound.
11:17 of 3rd period - Pyotr Zarubayev wins face-off versus Joseph Knaus in North Stars zone.
11:26 of 3rd period - Snap shot by Grels Hohka.
11:26 of 3rd period - Shot Misses the Net.
12:14 of 3rd period - Wrist shot by Jamey Fequet.
12:14 of 3rd period - Shot Misses the Net.
12:16 of 3rd period - Snap shot by Taras Kochkaryov.
12:16 of 3rd period - Deflect By Abram Nalyvaichuk.
12:16 of 3rd period - Stopped by Harri-Juhani Sutelainen without a rebound.
12:17 of 3rd period - Pyotr Zarubayev wins face-off versus Laurent Godbout in Bandits zone.
12:30 of 3rd period - Snap shot by Vallu Vaatainen.
12:30 of 3rd period - Shot Misses the Net.
13:55 of 3rd period - Wrist shot by Pyotr Zarubayev.
13:55 of 3rd period - Shot Misses the Net.
14:15 of 3rd period - Wrist shot by Lukasz Pomfret.
14:15 of 3rd period - Stopped by Pitt Kidwell without a rebound.
14:16 of 3rd period - Derrell Hults wins face-off versus Nino Hebar in North Stars zone.
14:16 of 3rd period - Leland Matyas is hit by Lukasz Pomfret and loses puck.
14:25 of 3rd period - Wrist shot by Jamey Fequet.
14:25 of 3rd period - Shot Blocked by Nino Hebar.
14:27 of 3rd period - Wrist shot by Jamey Fequet.
14:27 of 3rd period - Stopped by Harri-Juhani Sutelainen without a rebound.
14:28 of 3rd period - Lloyd Mceachern wins face-off versus Orlando Wey in Bandits zone.
14:55 of 3rd period - Joseph Knaus is hit by Evin Lapointe and loses puck.
15:02 of 3rd period - Snap shot by Dominick Maclellan.
15:02 of 3rd period - Stopped by Pitt Kidwell with a rebound.
15:10 of 3rd period - Charlie Esau is hit by Leland Matyas and loses puck.
15:53 of 3rd period - Wrist shot by Derrell Hults.
15:53 of 3rd period - Stopped by Harri-Juhani Sutelainen without a rebound.
15:54 of 3rd period - Ritchie Kruger wins face-off versus Pyotr Zarubayev in Bandits zone.
16:26 of 3rd period - Snap shot by Derrell Hults.
16:26 of 3rd period - Stopped by Harri-Juhani Sutelainen with a rebound.
16:28 of 3rd period - Slapshot by Jeffery Pattyn.
16:28 of 3rd period - Shot Misses the Net.
16:30 of 3rd period - Wrist shot by Derrell Hults.
16:30 of 3rd period - Shot Misses the Net.
16:32 of 3rd period - Wrist shot by Orlando Wey.
16:32 of 3rd period - Stopped by Harri-Juhani Sutelainen without a rebound.
16:33 of 3rd period - Laurent Godbout wins face-off versus Pyotr Zarubayev in Bandits zone.
16:34 of 3rd period - Snap shot by Joseph Knaus.
16:34 of 3rd period - Stopped by Harri-Juhani Sutelainen without a rebound.
16:35 of 3rd period - Laurent Godbout wins face-off versus Pyotr Zarubayev in Bandits zone.
16:36 of 3rd period - Slapshot by Joseph Knaus.
16:36 of 3rd period - Stopped by Harri-Juhani Sutelainen without a rebound.
16:37 of 3rd period - Laurent Godbout wins face-off versus Pyotr Zarubayev in Bandits zone.
16:38 of 3rd period - Wrist shot by Joseph Knaus.
16:38 of 3rd period - Stopped by Harri-Juhani Sutelainen without a rebound.
16:39 of 3rd period - Laurent Godbout wins face-off versus Pyotr Zarubayev in Bandits zone.
17:10 of 3rd period - Backhand shot by Laurent Godbout.
17:10 of 3rd period - Deflect By Vilho Metsala.
17:10 of 3rd period - Stopped by Harri-Juhani Sutelainen with a rebound.
17:12 of 3rd period - Slapshot by Bennet Gallahur.
17:12 of 3rd period - Shot Blocked by Fernando Zanette.
17:14 of 3rd period - Wrist shot by Bennet Gallahur.
17:14 of 3rd period - Shot Misses the Net.
17:20 of 3rd period - Snap shot by Joseph Knaus.
17:20 of 3rd period - Stopped by Harri-Juhani Sutelainen with a rebound.
17:22 of 3rd period - Slapshot by Leland Matyas.
17:22 of 3rd period - Shot Blocked by Fernando Zanette.
17:24 of 3rd period - Slapshot by Joseph Knaus.
17:24 of 3rd period - Stopped by Harri-Juhani Sutelainen with a rebound.
17:26 of 3rd period - Snap shot by Bennet Gallahur.
17:26 of 3rd period - Stopped by Harri-Juhani Sutelainen with a rebound.
17:28 of 3rd period - Wrist shot by Joseph Knaus.
17:28 of 3rd period - Deflect By Timothy Pham.
17:28 of 3rd period - Shot Misses the Net.
17:28 of 3rd period - Puck is out of play.
17:29 of 3rd period - Vasily Sidorenko wins face-off versus Pyotr Zarubayev in Bandits zone.
17:36 of 3rd period - Slapshot by Juha-Pekka Kaukola.
17:36 of 3rd period - Shot Misses the Net.
17:38 of 3rd period - Slapshot by Taras Kochkaryov.
17:38 of 3rd period - Shot Misses the Net.
17:40 of 3rd period - Slapshot by Juha-Pekka Kaukola.
17:40 of 3rd period - Shot Blocked by Gerhard Ryffel.
17:42 of 3rd period - Slapshot by Taras Kochkaryov.
17:42 of 3rd period - Shot Blocked by Grels Hohka.
17:44 of 3rd period - Slapshot by Ville Brendstrup.
17:44 of 3rd period - Stopped by Harri-Juhani Sutelainen with a rebound.
17:46 of 3rd period - Wrist shot by Ritchie Kruger.
17:46 of 3rd period - Shot Misses the Net.
18:37 of 3rd period - Bandits, Harri-Juhani Sutelainen is pulled from the net.
19:22 of 3rd period - Wrist shot by Vasily Sidorenko.
19:22 of 3rd period - Goal by Vasily Sidorenko - Bandits : 3 - North Stars : 5.
19:22 of 3rd period - Harri-Juhani Sutelainen from Bandits was sent back in the game.
19:23 of 3rd period - Ritchie Kruger wins face-off versus Pyotr Zarubayev in neutral zone.
19:43 of 3rd period - Icing by Ville Brendstrup.
19:44 of 3rd period - Nino Hebar wins face-off versus Juha-Pekka Kaukola in North Stars zone.
19:45 of 3rd period - Wrist shot by Dominick Maclellan.
19:45 of 3rd period - Stopped by Pitt Kidwell with a rebound.
19:47 of 3rd period - Wrist shot by Nino Hebar.
19:47 of 3rd period - Shot Misses the Net.
19:49 of 3rd period - Slapshot by Lukasz Pomfret.
19:49 of 3rd period - Shot Misses the Net.
19:51 of 3rd period - Wrist shot by Evin Lapointe.
19:51 of 3rd period - Deflect By Vasily Sidorenko.
19:51 of 3rd period - Shot Blocked by Ritchie Kruger.
19:51 of 3rd period - Puck is out of play.
19:52 of 3rd period - Nino Hebar wins face-off versus Ritchie Kruger in North Stars zone.
Goals for this period are 2 for Bandits vs 1 for North Stars.
Shots for this period are 13 for Bandits vs 17 for North Stars.

3 STARS

1st Star
C
92
G 1
A 1
+/- 1
TOI 20:36
2nd Star
RW
19
G 1
A 1
+/- 0
TOI 20:01
3rd Star
LW
19
G 2
A 0
+/- 0
TOI 15:14

Game Stats

BAN
VS
NOR
3 Goals 5
34 Shots 38
12 Blocked Shots 21
35 Missed Shots 27
39.1 Faceoff % 60.9
0 Power Plays 4
0 Power Play Goals 1
0 Power Play % 0.25

GAME DETAILS

VENUE
Unknown
CITY
Unknown
REFEREES
Tom Chmielewski, Mats Renberg
LINESMEN
Bryce Fetzer, Kilian McNamara
ATTENDANCE
17,159